 Dungeon Crawl Stone Soup version 0.28-a0-48-gfd831c5874 (webtiles) character file.

Game seed: 18228017572848769700

89625 pkoi the Destroyer (level 15, -4/70 HPs)
             Began as a Spriggan Conjurer on July 29, 2021.
             Was a High Priest of Vehumet.
             Succumbed to a nagaraja's bolt of poison
             ... on level 1 of the Snake Pit.
             The game lasted 01:29:17 (31243 turns).

pkoi the Destroyer (Spriggan Conjurer)             Turns: 31243, Time: 01:29:17

Health: -4/70      AC: 10    Str:  3    XL:     15   Next: 49%
Magic:  27/28      EV: 24    Int: 25    God:    Vehumet [*****.]
Gold:   1733       SH:  0    Dex: 15    Spells: 2/30 levels left

rFire   + . .      SeeInvis +   Q - +4 rapier "Utagomm" {freeze, rF+}
rCold   . . .      Faith    .   (shield restricted)
rNeg    . . .      Spirit   .   s - +1 robe
rPois   +          Reflect  .   O - +2 hat
rElec   .          Harm     .   D - +0 cloak
rCorr   .          Rampage  .   (gloves unavailable)
Will    ++...                   (boots unavailable)
Stlth   +++.......              j - amulet of magic regeneration
HPRegen 0.21/turn               q - +4 ring of protection
MPRegen 0.46/turn               F - ring of poison resistance

@: lethally poisoned (-4 -> -23), slowed, studying Crossbows, quick
A: very small, no large weapons, unfitting armour, see invisible, speed 3
a: Renounce Religion


You were on level 1 of the Snake Pit.
You worshipped Vehumet.
Vehumet was extremely pleased with you.
You visited 4 branches of the dungeon, and saw 19 of its levels.

You collected 1733 gold pieces.

Inventory:

Hand Weapons
 b - a +1 dagger of venom
 Q - the +4 rapier "Utagomm" (weapon) {freeze, rF+}
   (You found it on level 11 of the Dungeon)

   It freezes those it strikes, dealing additional cold damage.
   It can also slow down cold-blooded creatures.
   rF:        It protects you from fire.
Missiles
 y - a throwing net
 L - 3 curare-tipped darts
Armour
 k - a scarf of invisibility
 s - a +1 robe (worn)
 D - a +0 cloak (worn)
 O - a +2 hat (worn)
Magical Staves
 a - a staff of conjuration
Jewellery
 j - an amulet of magic regeneration (around neck)
 m - a ring of wizardry
 q - a +4 ring of protection (left hand)
 F - a ring of poison resistance (right hand)
 M - a ring of wizardry
Wands
 c - a wand of mindburst (10)
 l - a wand of acid (15)
 n - a wand of polymorph (23)
 x - a wand of iceblast (28)
 E - a wand of flame (25)
 N - a wand of digging (6)
Scrolls
 d - 3 scrolls of fear
 o - 7 scrolls of identify
 p - 9 scrolls of fog
 t - 5 scrolls of blinking
 v - 2 scrolls of enchant armour
 w - 2 scrolls of brand weapon
 z - 2 scrolls of amnesia
 B - 6 scrolls of teleportation
 G - 2 scrolls of magic mapping
 I - a scroll of torment {unknown}
 J - a scroll of enchant weapon
Potions
 e - 9 potions of curing
 f - 3 potions of brilliance
 g - 4 potions of magic
 h - 5 potions of cancellation
 i - 3 potions of heal wounds
 r - 2 potions of invisibility
 u - 5 potions of might
 A - 2 potions of resistance
 C - a potion of flight
 H - a potion of haste
 K - a potion of berserk rage


   Skills:
 - Level 4.7 Fighting
 - Level 1.8 Short Blades
 - Level 12.5 Dodging
 - Level 4.0 Stealth
 - Level 8.2 Spellcasting
 + Level 14.5 Conjurations
 - Level 4.0 Hexes
 - Level 4.0 Translocations
 + Level 9.5 Ice Magic
 + Level 10.3 Air Magic


You had 2 spell levels left.
You knew the following spells:

 Your Spells              Type           Power      Damage    Failure   Level
a - Magic Dart            Conj           100%       1d8       0%          1
b - Searing Ray           Conj           100%       3d7       0%          2
c - Freezing Cloud        Conj/Ice/Air   30%        6-21      1%          5
d - Orb of Destruction    Conj           35%        9d13      3%          7
e - Iskenderun's Battles  Conj           70%        2d12      1%          5
f - Blink                 Tloc           N/A        N/A       1%          2
g - Conjure Ball Lightni  Conj/Air       32%        3x3d10    1%          6

Your spell library contained the following spells:

 Spells                   Type           Power      Damage    Failure   Level
 Foxfire                  Conj/Fire      100%       2x1d9     1%          1
 Sandblast                Erth           20%        2d7       1%          1
 Shock                    Conj/Air       100%       1d9       1%          1
 Corpse Rot               Necr/Air       N/A        N/A       1%          2
 Poisonous Vapours        Pois/Air       72%        N/A       1%          2
 Sting                    Tmut/Pois      40%        1d5       6%          1
 Passwall                 Tmut/Erth      8%         N/A       9%          2
 Dazzling Flash           Conj/Hex       100%       N/A       1%          3
 Frozen Ramparts          Ice            100%       1d12      1%          3
 Mephitic Cloud           Conj/Pois/Air  51%        N/A       1%          3
 Ozocubu's Armour         Ice            55%        N/A       1%          3
 Swiftness                Air            58%        N/A       1%          3
 Airstrike                Air            29%        N/A       1%          4
 Fulminant Prism          Conj/Hex       27%        3d14      1%          4
 Hailstorm                Conj/Ice       63%        3d13      1%          4
 Iskenderun's Mystic Bla  Conj/Tloc      54%        2d12      1%          4
 Sticky Flame             Conj/Fire      46%        2d6       1%          4
 Fireball                 Conj/Fire      23%        3d11      2%          5
 Lesser Beckoning         Tloc           15%        N/A       3%          3
 Portal Projectile        Hex/Tloc       60%        N/A       3%          3
 Teleport Other           Tloc           30%        N/A       3%          3
 Ignite Poison            Fire/Tmut/Pois 10%        N/A       5%          3
 Bolt of Magma            Conj/Fire/Erth 17%        4d9       6%          5
 Summon Lightning Spire   Summ/Air       36%        N/A       7%          4
 Summon Guardian Golem    Hex/Summ       20%        N/A       8%          3
 Metabolic Englaciation   Hex/Ice        22%        N/A       11%         5
 Olgreb's Toxic Radiance  Pois           10%        N/A       16%         4
 Call Canine Familiar     Summ           10%        N/A       19%         3
 Leda's Liquefaction      Hex/Erth       10%        N/A       26%         4
 Ozocubu's Refrigeration  Ice            27%        4d10      26%         7
 Manifold Assault         Tloc           30%        N/A       30%         5
 Lee's Rapid Deconstruct  Erth           5%         3d7*      38%         5
 Petrify                  Tmut/Erth      10%        N/A       52%         4
 Spellforged Servitor     Conj/Summ      23%        N/A       52%         7
 Maxwell's Capacitive Co  Air            29%        ∞         78%         8
 Invisibility             Hex            15%        N/A       87%         6
 Storm Form               Tmut/Air       18%        N/A       99%         7
 Statue Form              Tmut/Erth      6%         N/A       100%        6
 Ignition                 Fire           5%         3d4       100%        8
 Chain Lightning          Conj/Air       32%        3d42      100%        9
 Polar Vortex             Ice            27%        N/A       100%        9


Dungeon Overview and Level Annotations

Branches:
Dungeon (11/15)            Temple (1/1) D:7            Lair (6/6) D:9
  Snake (1/4) Lair:2        Slime (0/5) Lair:6          Orc (0/2) D:11
  Swamp: Lair:2-4    Shoals: Lair:2-4

Altars:
Ashenzari
Cheibriados
Dithmenos
Elyvilon
Fedhas
Gozag
Hepliaklqana
Kikubaaqudgha
Makhleb
Nemelex Xobeh
Okawaru
Qazlal
Ru
Sif Muna
Trog
Uskayaw
Vehumet
Wu Jian
Xom
Yredelemnul
Zin
The Shining One
Beogh
Jiyva

Portals:
Abyss: Lair:4

Annotations:
D:8 2 transporters, Joseph; Mrcawl's ghost, novice SpHu
D:10 1 runed translucent door, robertstho's ghost, novice TrBe
Lair:1 3 runed translucent doors, Vinet's ghost, journeyman DECj
Lair:4 2 transporters, Katiloc's ghost, journeyman MfGl
Lair:5 exclusion: oklob plant
Lair:6 1 runed translucent door


Innate Abilities, Weirdness & Mutations

You are very small and have problems with some larger weapons.
You are too small for most types of armour.
You have supernaturally acute eyesight. (SInv)
You cover ground extremely quickly. (Speed+++)


Message History

You feel your power returning.
The nagaraja is engulfed in freezing vapours.
The searing ray hits the nagaraja!
The nagaraja is moderately wounded.
You feel sick. The naga mage spits poison at you.
The splash of poison misses you.
The naga mage hits you but does no damage.
The naga mage is engulfed in freezing vapours.
You kill the naga mage!
Vehumet accepts your kill.
You feel your power returning. The naga mage casts a spell at you.
The bolt of poison hits you! You resist.
The searing ray hits the nagaraja.
The nagaraja is heavily wounded.
You feel sick.
The naga mage hits you from afar with a +0 spear.
The nagaraja is engulfed in freezing vapours.
The nagaraja hits you with a +0 flail! The nagaraja grabs you.
The nagaraja constricts you.
The naga mage hits you from afar with a +0 spear!
* * * LOW HITPOINT WARNING * * *
You escape the nagaraja's grasp.
You feel sick.
The nagaraja is engulfed in freezing vapours.
The nagaraja gestures wildly while chanting.
The nagaraja seems to speed up.
You feel sick.
You are no longer poisoned.
The naga mage gestures at something while chanting.
The nagaraja casts a spell at you. The bolt of poison hits you.
You are lethally poisoned!
You resist.
* * * LOW HITPOINT WARNING * * *
There is a large open door here.
* * * LOW HITPOINT WARNING * * *
You feel very sick.
You close the large door.
You die...

##.#..## ##.........###
##......# #..##.........
#.......###.###..########
.........#..# #..#.......
...........## ##.#......
...........# #.#.##''##
...........## ##.+.#$).$#
............###).+.#?).$#
..............))@#.##)'##.#
.............###.#.NN.....#
.............# #.#........#
#............# #.##########
..#..(..^...####....... ..
..###.......#.######.. ##
...####....###.####.#.#
....#####..##......##.#
.....## #####.......#.#


There were no monsters in sight!

Vanquished Creatures
  Rupert (Lair:4)
  A frost giant (D:11)
  3 ettins (D:11)
  A rakshasa (D:11)
  4 boulder beetles
  9 hydras
  2 catoblepae
  An ogre mage (D:11)
  An anaconda (Snake:1)
  5 two-headed ogres
  Urug (Lair:4)
  A naga sharpshooter (Snake:1)
  Sonja (Lair:3)
  A shock serpent (Snake:1)
  3 skeletal warriors (D:7)
  A bog body (Lair:3)
  3 naga ritualists (Snake:1)
  A lindwurm (Lair:6)
  4 mana vipers (Snake:1)
  A deep elf pyromancer (D:11)
  2 ugly things (D:11)
  2 wolf spiders (Lair:6)
  14 cyclopes (D:11)
  2 oklob plants (Lair:4)
  3 naga magi (Snake:1)
  10 elephants
  A guardian serpent (Lair:6)
  5 torpor snails (Lair:6)
  21 black mambas
  An unseen horror (D:11)
  17 cane toads
  A gargoyle (D:11)
  7 komodo dragons
  Maggie (D:8)
  2 rime drakes
  A kobold demonologist (D:11)
  A troll (D:11)
  4 tyrant leeches (Lair:6)
  Prince Ribbit (D:8)
  9 hornets
  3 polar bears
  A meliai zombie (D:10)
  15 blink frogs
  13 dream sheep (Lair:6)
  55 yaks
  A wraith (D:10)
  A water elemental (D:11)
  3 basilisks
  2 redbacks (Lair:6)
  13 wyverns
  14 nagas
  A warg (D:11)
  2 swamp worms (Lair:3)
  21 water moccasins
  3 ice beasts
  6 orc warriors
  A black bear (D:6)
  10 ogres
  A sky beast (D:3)
  8 centaurs
  27 wolves
  A phantom (D:5)
  2 kobold brigands
  15 bullfrogs
  A gnoll sergeant (D:9)
  3 scorpions
  A water moccasin skeleton (D:6)
  2 wyvern skeletons
  8 wights
  2 howler monkeys
  7 electric eels
  A lava snake (D:10)
  3 centaur zombies
  2 bullfrog zombies
  2 hounds
  3 jellies
  5 orc priests
  Crazy Yiuf (D:2)
  2 gnoll shamans
  A bullfrog skeleton (D:6)
  Ijyb (D:4)
  2 iguanas
  7 orc wizards
  A scorpion zombie (D:5)
  4 killer bee zombies
  5 howler monkey zombies
  11 gnolls
  6 adders
  3 white imps
  2 ufetubi
  3 worms
  A dart slug (D:3)
  24 orcs
  4 endoplasms
  5 giant cockroaches
  3 goblins
  5 hobgoblins
  4 quokkas
  2 ball pythons (D:3)
  4 bats
  6 frilled lizards
  14 kobolds
  2 rats
532 creatures vanquished.

Vanquished Creatures (others)
  25 fulminant prisms
  38 fungi
  72 plants
  21 toadstools
156 creatures vanquished.

Grand Total: 688 creatures vanquished

Notes
Turn   | Place    | Note
-------+----------+-------------------------------------------
     0 | D:1      | pkoi the Spriggan Conjurer began the quest for the Orb.
     0 | D:1      | Reached XP level 1. HP: 9/9 MP: 5/5
    22 | D:1      | Reached skill level 3 in Conjurations
   121 | D:1      | Found a faded altar of an unknown god.
   363 | D:1      | Reached XP level 2. HP: 13/13 MP: 2/6
   595 | D:1      | Learned a level 2 spell: Searing Ray
  1164 | D:2      | Reached XP level 3. HP: 16/16 MP: 2/8
  1346 | D:2      | Found a runed translucent door.
  1347 | D:2      | Noticed Crazy Yiuf
  2286 | D:3      | Noticed a sky beast
  2296 | D:3      | Killed a sky beast
  2297 | D:3      | Reached skill level 4 in Conjurations
  2297 | D:3      | Reached XP level 4. HP: 21/21 MP: 2/9
  2406 | D:3      | Reached XP level 5. HP: 11/24 MP: 2/10
  3243 | D:3      | Learned a level 5 spell: Freezing Cloud
  3395 | D:4      | Reached skill level 5 in Conjurations
  3491 | D:4      | You fall into a shaft and drop 2 floors!
  3571 | D:5      | Entered Level 5 of the Dungeon
  3623 | D:5      | Noticed Ijyb
  3937 | D:4      | Paralysed by Ijyb for 5 turns
  4102 | D:4      | Paralysed by Ijyb for 4 turns
  4111 | D:4      | Paralysed by Ijyb for 5 turns
  4128 | D:4      | Killed Ijyb
  4129 | D:4      | Reached skill level 1 in Ice Magic
  4129 | D:4      | Reached skill level 1 in Air Magic
  4284 | D:5      | Reached XP level 6. HP: 28/28 MP: 2/11
  4961 | D:5      | Reached XP level 7. HP: 32/32 MP: 4/12
  5646 | D:6      | Reached skill level 1 in Fighting
  5847 | D:6      | Reached XP level 8. HP: 37/37 MP: 7/13
  6067 | D:6      | Reached skill level 6 in Conjurations
  6650 | D:6      | Reached skill level 5 in Dodging
  6690 | D:6      | Identified a scroll of acquirement
  6690 | D:6      | Acquired a staff of conjuration
  7610 | D:7      | Reached XP level 9. HP: 42/42 MP: 6/14
  7753 | D:7      | Found a staircase to the Ecumenical Temple.
  7773 | Temple   | Entered the Ecumenical Temple
  7846 | Temple   | Became a worshipper of Vehumet
  8132 | D:8      | Found a transporter.
  8162 | D:8      | Noticed a skeletal warrior
  8276 | D:7      | Killed a skeletal warrior
  8277 | D:7      | Reached skill level 5 in Air Magic
  8598 | D:8      | Noticed Prince Ribbit
  8599 | D:8      | Noticed Maggie
  8619 | D:8      | Killed Prince Ribbit
  8620 | D:8      | Reached skill level 5 in Ice Magic
  8632 | D:8      | Killed Maggie
  8633 | D:8      | Reached skill level 7 in Conjurations
  8687 | D:8      | Noticed Joseph
  9394 | D:8      | Noticed a skeletal warrior
 10067 | D:8      | Noticed a two-headed ogre
 10078 | D:8      | Killed a two-headed ogre
 10079 | D:8      | Reached XP level 10. HP: 43/46 MP: 11/18
 10109 | D:8      | Noticed a skeletal warrior
 10137 | D:8      | HP: 2/46 [skeletal warrior[a skeletal warrior] (18)]
 10591 | D:7      | Killed a skeletal warrior
 10592 | D:7      | Reached skill level 5 in Spellcasting
 10689 | D:8      | Found a transporter.
 10691 | D:8      | Noticed Mrcawl's ghost (novice SpHu)
 10974 | D:7      | Learned a level 4 spell: Fulminant Prism
 11048 | D:7      | Killed a skeletal warrior
 11049 | D:7      | Reached skill level 1 in Hexes
 11848 | D:9      | Reached * piety under Vehumet
 11848 | D:9      | Offered knowledge of Foxfire by Vehumet.
 12051 | D:9      | Reached skill level 8 in Conjurations
 12136 | D:9      | Found a staircase to the Lair.
 12494 | Lair:1   | Entered Level 1 of the Lair of Beasts
 12539 | Lair:1   | Acquired Colilute's Volume of Blistering Conjuration
 12547 | Lair:1   | Learned a level 5 spell: Iskenderun's Battlesphere
 12554 | Lair:1   | Noticed a cane toad
 12558 | Lair:1   | Killed a cane toad
 12612 | Lair:1   | Noticed a black mamba
 12631 | Lair:1   | Killed a black mamba
 12636 | Lair:1   | Reached XP level 11. HP: 50/50 MP: 12/20
 12746 | Lair:1   | Noticed a four-headed hydra
 12787 | Lair:1   | Killed a four-headed hydra
 12788 | Lair:1   | Reached skill level 9 in Conjurations
 12919 | Lair:1   | Offered knowledge of Shock by Vehumet.
 12944 | Lair:1   | Reached ** piety under Vehumet
 13422 | Lair:1   | Noticed Vinet's ghost (journeyman DECj)
 13424 | Lair:1   | Found a runed translucent gate.
 13424 | Lair:1   | Found a runed translucent gate.
 13424 | Lair:1   | Found a runed translucent gate.
 13424 | Lair:1   | Noticed a death yak
 13459 | Lair:1   | Reached skill level 10 in Conjurations
 14877 | Lair:2   | Reached skill level 11 in Conjurations
 14960 | Lair:2   | Offered knowledge of Conjure Flame by Vehumet.
 14960 | Lair:2   | Noticed an eight-headed hydra
 14988 | Lair:2   | Killed an eight-headed hydra
 15039 | Lair:2   | Learned a level 2 spell: Blink
 15048 | Lair:2   | Reached skill level 1 in Translocations
 15054 | Lair:2   | Reached XP level 12. HP: 54/54 MP: 10/21
 15140 | Lair:2   | Reached *** piety under Vehumet
 15367 | Lair:2   | Found a staircase to the Snake Pit.
 15571 | Lair:2   | Reached skill level 12 in Conjurations
 15684 | Lair:2   | Noticed a boulder beetle
 16067 | Lair:2   | Killed a boulder beetle
 16067 | Lair:2   | Offered knowledge of Olgreb's Toxic Radiance by Vehumet.
 16755 | Lair:3   | Noticed a six-headed hydra
 16759 | Lair:3   | Killed a six-headed hydra
 17116 | Lair:3   | Reached skill level 13 in Conjurations
 17219 | Lair:3   | Noticed Sonja
 17221 | Lair:3   | Killed Sonja
 17939 | Lair:4   | Noticed a six-headed hydra
 17952 | Lair:4   | Killed a six-headed hydra
 18078 | Lair:4   | Noticed an eight-headed hydra
 18083 | Lair:4   | Killed an eight-headed hydra
 18084 | Lair:4   | Reached XP level 13. HP: 58/58 MP: 13/23
 18230 | Lair:4   | Reached **** piety under Vehumet
 18679 | Lair:4   | Learned a level 7 spell: Orb of Destruction
 18689 | Lair:4   | Noticed Urug
 18694 | Lair:4   | Noticed Rupert
 18698 | Lair:4   | Killed Urug
 18723 | Lair:4   | Killed Rupert
 18898 | Lair:4   | Found a transporter.
 19094 | Lair:4   | Found a transporter.
 19103 | Lair:4   | Offered knowledge of Lightning Bolt by Vehumet.
 19298 | Lair:4   | Noticed Katiloc's ghost (journeyman MfGl)
 19306 | Lair:4   | Found a one-way gate to the infinite horrors of the Abyss.
 19824 | Lair:4   | Upgraded the game from 0.28-a0-43-g560ac104fe to
                  | 0.28-a0-46-g7b1be97da7
 20343 | Lair:5   | Found a blossoming altar of Fedhas.
 20693 | Lair:6   | Entered Level 6 of the Lair of Beasts
 21185 | Lair:6   | Reached ***** piety under Vehumet
 21190 | Lair:6   | Offered knowledge of Eringya's Noxious Bog by Vehumet.
 21210 | Lair:6   | Reached XP level 14. HP: 65/65 MP: 9/27
 21373 | Lair:6   | Reached skill level 10 in Dodging
 21433 | Lair:6   | Found a runed translucent door.
 21525 | Lair:6   | Found the +7 Kryia's mail coat {PotionHeal*2 rC+}
 21580 | Lair:6   | Reached skill level 14 in Conjurations
 22791 | Lair:6   | Found a viscous altar of Jiyva.
 22791 | Lair:6   | Found a staircase to the Slime Pits.
 23540 | D:10     | Entered Level 10 of the Dungeon
 23865 | D:10     | Noticed robertstho's ghost (novice TrBe)
 23867 | D:10     | Found a runed translucent door.
 24479 | D:10     | Found a shimmering blue altar of Sif Muna.
 24861 | D:11     | Upgraded the game from 0.28-a0-46-g7b1be97da7 to
                  | 0.28-a0-48-gfd831c5874
 25812 | D:11     | Offered knowledge of Sticky Flame by Vehumet.
 26961 | D:11     | Found a staircase to the Orcish Mines.
 27265 | D:11     | Reached XP level 15. HP: 32/70 MP: 23/28
 28036 | D:11     | Offered knowledge of Conjure Ball Lightning by Vehumet.
 28120 | D:11     | Noticed a frost giant
 28162 | D:11     | Killed a frost giant
 28177 | D:11     | Identified the +1 dagger "Fuhuczo" {vorpal, *Corrode Dex+5}
 28180 | D:11     | Got the Almanac of the Warped Snowflakes
 28275 | D:11     | Identified the +7 broad axe "Hyunaptod" {vorpal, rPois
                  | Str-2 Int+3 SInv}
 28277 | D:11     | Identified the +4 rapier "Utagomm" {freeze, rF+}
 28672 | D:2      | Killed Crazy Yiuf
 28802 | D:8      | Learned a level 6 spell: Conjure Ball Lightning
 28909 | Snake:1  | Entered Level 1 of the Snake Pit
 29476 | Snake:1  | Reached skill level 1 in Short Blades
 30191 | Snake:1  | Reached skill level 10 in Air Magic
 30543 | Snake:1  | Acquired the Catalogue of Gliding Arcane Weapons
 31230 | Snake:1  | Noticed a nagaraja
 31242 | Snake:1  | HP: 3/70 [poisoned by a nagaraja (bolt of poison)]
 31243 | Snake:1  | Succumbed to a nagaraja's bolt of poison

Illustrated notes

Levels and vault maps discovered:
D:1:      ldierk_walled_garden_2, layout_rooms,
          shapermc_ecumenical_altar_totnotflames
D:2:      layout_basic, bh_walls_and_bars, uniq_crazy_yiuf_cottage
D:3:      layout_rooms, st_stairs_3, item_on_display_a
D:4:      layout_rooms
D:5:      layout_rooms, minmay_tree_intersection,
          minmay_fractal_squares_diagonal_5, uniq_ijyb
D:6:      layout_basic, kennysheep_generic_room_11
D:7:      layout_basic, minmay_temple_entry_gardened_gates, eino_tiny_chamber,
          kennysheep_generic_room_15
D:8:      layout_cave_pools, gammafunk_ghost_mausoleum, uniq_prince_ribbit1,
          uniq_joseph, uniq_maggie
D:9:      layout_gridville, lair_entry_dummy
D:10:     layout_basic, tgw_sif, hellmonk_ghost_happy_afterlife,
          kennysheep_cross_room, billiards_dpeg
D:11:     giant_chief_lemuel, layout_basic, minmay_orc_entry_temple_small,
          minmay_the_grid_square_5x5_3x3_mashed
          [minmay_the_grid_square_5x5_inverted_slash,
          minmay_the_grid_square_5x5_minivault,
          minmay_the_grid_square_5x5_gyroscope,
          minmay_the_grid_square_5x5_eight,
          minmay_the_grid_square_5x5_megaprize_hollow,
          minmay_the_grid_square_5x5_v, minmay_the_grid_square_5x5_misaligned,
          minmay_the_grid_square_5x5_checkered_sparse,
          minmay_the_grid_square_5x5_sharp_hourglass]
Temple:   grunt_wide_crystal_templ
Lair:1:   layout_chaotic_city, gammafunk_ghost_split, hibernation_bobbens,
          grunt_megastairs_5
Lair:2:   layout_chaotic_city, minmay_snake_entry_guardpost_medium
Lair:3:   layout_chaotic_city, nicolae_swamp_entry_splash_gauntlet, uniq_sonja
Lair:4:   layout_cellular_growth, gammafunk_ghost_abyssal_escape,
          lemuel_fruit_tree, minmay_lair_oklob_chamber,
          infiniplex_staircase_pool_2, uniq_rupert, uniq_urug
Lair:5:   layout_roguey, tgw_fedhas
Lair:6:   hangedman_lair_tendril_chambers, layout_cave_pods, wormcave,
          dpeg_slime_entry_enclosed_altar, infiniplex_staircase_pool
Snake:1:  layout_chambers, guppyfry_library_mini, grunt_megastairs_3,
          serial_bayou_shore_b

Skill      XL: |  1  2  3  4  5  6  7  8  9 10 11 12 13 14 15 |
---------------+----------------------------------------------+-----
Conjurations   | 3 4 5 6 7 8 11 13 14 | 14.5
Ice Magic      | 1 2 3 4 5 6 7 8 9 |  9.5
Air Magic      | 1 2 3 4 6 7 9 10 | 10.3
Dodging        | 3 5 6 9 12 | 12.5
Fighting       | 1 2 3 4 |  4.7
Spellcasting   | 4 5 6 8 |  8.2
Hexes          | 4 |  4.0
Translocations | 1 4 |  4.0
Short Blades   | 1 |  1.8
Stealth        | 4 |  4.0

Action                   |  1- 3 |  4- 6 |  7- 9 | 10-12 | 13-15 || total
-------------------------+-------+-------+-------+-------+-------++-------
Melee: Dagger            |       |    20 |    30 |     3 |    13 ||    66
       Unarmed           |       |     1 |       |       |       ||     1
       Staff             |       |       |       |     5 |       ||     5
       Rapier            |       |       |       |       |     2 ||     2
 Cast: Magic Dart        |    60 |    54 |    30 |   151 |   180 ||   475
       Searing Ray       |     4 |    17 |    58 |    76 |    99 ||   254
       Freezing Cloud    |       |       |     3 |    24 |   136 ||   163
       Fulminant Prism   |       |       |       |    25 |       ||    25
       Iskenderun's Batt |       |       |       |    25 |    51 ||    76
       Orb of Destructio |       |       |       |       |    22 ||    22
       Blink             |       |       |       |       |     2 ||     2
  Use: Scroll            |     6 |     7 |     7 |    10 |     3 ||    33
 Stab: Sleeping          |       |       |       |     1 |       ||     1
Armor: Robe              |     1 |     7 |    15 |    22 |    19 ||    64
Dodge: Dodged            |     1 |    35 |    77 |    83 |   107 ||   303

Table legend: (Time is in decaauts)
 A = Elapsed time spent in this place.
 B = Non-inter-level travel time spent in this place.
 C = Inter-level travel time spent in this place.
 D = Time resting spent in this place.
 E = Time spent auto-exploring this place.
 F = Levels seen in this place.
 G = Mean time per level.
                   A        B        C        D        E       F      G
               +--------+--------+--------+--------+--------+-----+--------+
         Total |  25330 |  24529 |    801 |  12249 |   8048 |  19 | 1333.2 |
       Dungeon |  14550 |  14041 |    509 |   7095 |   4696 |  11 | 1322.7 |
        Temple |     48 |     45 |      3 |      0 |     31 |   1 |   48.0 |
          Lair |   9238 |   8962 |    276 |   4430 |   2801 |   6 | 1539.7 |
     Snake Pit |   1493 |   1481 |     12 |    723 |    518 |   1 | 1493.0 |
               +--------+--------+--------+--------+--------+-----+--------+

Top non-repeatable levels by time:
    D:11: 2880 daAuts
     D:7: 2649 daAuts
  Lair:6: 2163 daAuts
  Lair:2: 2055 daAuts
  Lair:1: 1800 daAuts
     D:6: 1634 daAuts
 Snake:1: 1493 daAuts
  Lair:4: 1221 daAuts
    D:10: 1140 daAuts
     D:3: 1066 daAuts
     D:5: 1060 daAuts
  Lair:3: 1043 daAuts
     D:2: 971 daAuts
  Lair:5: 953 daAuts
     D:9: 886 daAuts
